 Seeded DCSS version 0.30.1-4-g462c640d31 (webtiles) character file.

Game seed: 1488530604685760082 (custom seed)

12742 kingsuperguy the Cleaver (level 11, -6/100 HPs)
             Began as a Pale Draconian Berserker on Sept 15, 2023.
             Was a High Priest of Trog.
             Engulfed by a cloud of flame (24 damage)
             ... in a volcano.
             The game lasted 00:18:25 (9470 turns).

kingsuperguy the Cleaver (Pale Draconian Berserker) Turns: 9470, Time: 00:18:26

Health: -6/100     AC:  9    Str: 26    XL:     11   Next: 66%
Magic:  11/11      EV: 14    Int:  9    God:    Trog [*****.]
Gold:   567        SH:  0    Dex: 10    Spells: 10/10 levels left

rFire   . . .        r - +11 broad axe "Draconian's Regret" {spect, Str+3}
rCold   . . .        (no shield)
rNeg    . . .        (body armour unavailable)
rPois   .            (helmet restricted)
rElec   .            n - +0 cloak
rCorr   .            (no gloves)
SInv    .            d - +0 pair of boots
Will    .....        (no amulet)
Stlth   +++          (no ring)
HPRegen 0.36/turn    (no ring)
MPRegen 0.12/turn

%: no passive effects
@: on berserk cooldown, slowed, very slow
A: breathe steam, AC +7, unfitting armour, cold-blooded, steam resistance
a: Breathe Steam, Renounce Religion, Berserk, Trog's Hand, Brothers in Arms


You were in a volcano.
You worshipped Trog.
Trog was extremely pleased with you.
You visited 2 branches of the dungeon, and saw 10 of its levels.
You also visited: Sewer, Ossuary and Volcano.

You collected 567 gold pieces.

Inventory:

Hand Weapons
 a - a +0 hand axe
 r - the +11 broad axe "Draconian's Regret" (weapon) {spect, Str+3}
   (You found it on level 3 of the Dungeon)

   Str:       It affects your strength (+3).
 N - a +4 executioner's axe of flaming
Armour
 d - a +0 pair of boots (worn)
 n - a +0 cloak (worn)
 p - a +0 leather armour
Jewellery
 w - a ring of ice
 E - a ring of flight
 L - a +6 ring of intelligence
 M - a ring of see invisible
Wands
 q - a wand of flame (40)
 F - a wand of mindburst (10)
 H - a wand of paralysis (3)
 J - a wand of acid (4)
Scrolls
 b - 6 scrolls of teleportation {unknown}
 c - 2 scrolls of brand weapon {unknown}
 f - a scroll of summoning {unknown}
 g - 10 scrolls of identify {unknown}
 h - 3 scrolls of fog {unknown}
 j - 2 scrolls of fear {unknown}
 k - 2 scrolls of blinking {unknown}
 l - 2 scrolls of enchant armour {unknown}
 m - 3 scrolls of amnesia {unknown}
 s - 4 scrolls of immolation {unknown}
 x - 2 scrolls of enchant weapon {unknown}
 y - 2 scrolls of magic mapping {unknown}
 G - 2 scrolls of noise {unknown}
 I - 3 scrolls of vulnerability {unknown}
 O - a scroll of torment {unknown}
Potions
 e - 6 potions of attraction {unknown}
 i - 13 potions of curing {unknown}
 o - 3 potions of degeneration {unknown}
 t - 5 potions of haste {unknown}
 u - 2 potions of ambrosia {unknown}
 v - 2 potions of heal wounds {unknown}
 z - a potion of cancellation {unknown}
 A - 2 potions of brilliance {unknown}
 B - 3 potions of mutation {unknown}
 C - 2 potions of resistance {unknown}
 D - 3 potions of might {unknown}
 K - a potion of invisibility {unknown}
 P - a potion of flight {unknown}


   Skills:
 + Level 10.2 Fighting
 + Level 14.5 Axes
 + Level 6.7 Dodging
 + Level 5.0 Stealth


You had 10 spell levels left.
You didn't know any spells.
Your spell library was empty.

Dungeon Overview and Level Annotations

Branches:
Dungeon (9/15)             Temple (0/1) D:5            Lair (1/5) D:9
  Sewer (visited)         Ossuary (visited)         Volcano (1/1)
    Orc: D:9-12

Altars:
Elyvilon
Gozag
Ru
Trog
Uskayaw

Shops:
D:1 (


Innate Abilities, Weirdness & Mutations

You can breathe blasts of scalding, opaque steam.
Your pale cyan-grey scales are hard. (AC +7)
You cannot fit into any form of body armour.
You are cold-blooded and may be slowed by cold attacks.
You are immune to the effects of steam.


Message History

You closely miss the two-headed ogre. You tail-slap the two-headed ogre.
The two-headed ogre is lightly wounded.
You slash the salamander! x2; The salamander closely misses you.
The salamander barely misses you.
You slice the two-headed ogre!!
The two-headed ogre is severely wounded.
You completely miss the salamander. You slice the salamander!!
The two-headed ogre hits you with a +0 giant club of flaming!
The two-headed ogre burns you! The two-headed ogre misses you.
The salamander misses you.
You slash the two-headed ogre!
You kill the two-headed ogre!
Trog accepts your kill.
You slash the salamander! x2
Your +11 broad axe "Draconian's Regret" {spect, Str+3} hits the salamander!!
Your +11 broad axe "Draconian's Regret" {spect, Str+3} hits the salamander!
Your +11 broad axe "Draconian's Regret" {spect, Str+3} hits the salamander!!
You kill the salamander!
Trog accepts your kill.
Your +11 broad axe "Draconian's Regret" {spect, Str+3} hits the salamander!
You kill the salamander!
Trog accepts your kill.
Your Fighting skill increases to level 10!
Your Stealth skill increases to level 5!
You start resting.
Your +11 broad axe "Draconian's Regret" {spect, Str+3} disappears.
In the distance, the volcano erupts with a roar.
You are engulfed in blazing flames.
* * * LOW HITPOINT WARNING * * *
You're standing in a cloud of flame!
You're standing in a cloud of flame!
Unknown command.
You feel a strong urge to attack something.
You are engulfed in blazing flames.
* * * LOW HITPOINT WARNING * * *
You are no longer berserk.
You are exhausted.
You feel yourself slow down.
You are engulfed in blazing flames.
You die...

§.§ ... ###... ...#####
..##.# #.##○°°## ...#.#
#.#°○○○°# ...#.#
#.#°○○○°# ).##.##
##°##°°°# .#
)##...#####°°°##@##°°°#
).......°°°○○°○°○☼°°○°#
~..~.~~.°°°°○°°°°§°○°°≈≈
.~≈≈≈~.~°°°☼°○°°°°○°°≈≈≈
≈~≈≈≈~≈≈≈°°°°°°○○○○○°≈≈≈
≈≈≈≈≈~≈≈°°°○≈°○○○°°○°≈≈≈
≈≈≈≈≈≈≈≈≈°○○○○○○○°°○○≈≈≈
≈≈≈≈≈≈≈≈≈°°○○°○°°°≈○≈≈≈≈
≈≈≈≈≈≈≈≈≈≈°°§§°§≈°°≈≈≈≈≈


There were no monsters in sight!

Vanquished Creatures
  A two-headed ogre (Volcano)
  6 death yaks (Lair:1)
  Pikel (D:4)
  2 salamanders (Volcano)
  A black mamba (Lair:1)
  A cane toad (Lair:1)
  A komodo dragon (Lair:1)
  A troll (D:5)
  Sigmund (D:6)
  3 fire bats (Volcano)
  Eustachio (D:5)
  Edmund (D:6)
  Menkaure (D:6)
  A water moccasin (D:6)
  A hell hound (Volcano)
  2 black bears
  5 orc warriors
  A sky beast (D:7)
  4 ice beasts
  3 wolves (Lair:1)
  An ogre (D:5)
  5 centaurs
  3 lemures (D:4)
  A phantom (D:7)
  2 kobold brigands
  3 bullfrogs
  Blork the orc (D:5)
  A gnoll sergeant (D:8)
  2 wyvern zombies (Ossuary)
  3 scorpions
  2 water moccasin zombies (Ossuary)
  4 wights (D:8)
  5 killer bees
  4 howler monkeys (D:9)
  5 centaur zombies (Ossuary)
  5 bullfrog zombies (Ossuary)
  3 gnoll boudas
  3 hounds
  11 orc priests
  4 iguanas
  10 orc wizards
  21 mummies (Ossuary)
  23 gnolls
  15 adders
  A river rat (Sewer)
  A white imp (D:6)
  An ufetubus (D:7)
  A worm (D:2)
  A dart slug (D:2)
  45 orcs
  11 endoplasms
  3 giant cockroaches
  3 goblins
  11 hobgoblins
  17 kobolds
  2 quokkas
  8 ball pythons
  6 bats
  9 frilled lizards
  11 rats
306 creatures vanquished.

Notes
Turn   | Place    | Note
-------+----------+-------------------------------------------
     0 | D:1      | kingsuperguy the Draconian Berserker began the quest for
                  | the Orb.
     0 | D:1      | Reached XP level 1. HP: 19/19 MP: 1/1
   257 | D:1      | Reached XP level 2. HP: 26/26 MP: 2/2
   483 | D:1      | You fall into a shaft and drop 1 floor!
   605 | D:2      | Reached XP level 3. HP: 16/33 MP: 3/3
   925 | D:2      | Reached ** piety under Trog
   926 | D:2      | Reached skill level 4 in Axes
  1198 | D:2      | Reached XP level 4. HP: 37/40 MP: 4/4
  1459 | D:3      | Found an opulent altar of Gozag.
  1478 | D:3      | Identified the +11 broad axe "Draconian's Regret" {spect,
                  | Str+3}
  1579 | D:1      | Found Dyac's Weapon Shop.
  1843 | D:1      | Found a faded altar of an unknown god.
  2129 | D:3      | Found a large runed translucent door.
  2130 | D:3      | Found a large runed translucent door.
  2174 | D:3      | Found a bloodstained altar of Trog.
  2184 | D:3      | Found a hide-covered altar of Uskayaw.
  2667 | D:4      | Noticed a lemure
  2667 | D:4      | Noticed a lemure
  2667 | D:4      | Noticed a lemure
  2667 | D:4      | Noticed a lemure
  2668 | D:4      | Noticed Pikel
  2681 | D:4      | Found a sand-covered staircase.
  2685 | Ossuary  | Entered an ossuary
  2712 | Ossuary  | Reached XP level 5. HP: 34/46 MP: 5/5
  2716 | Ossuary  | Reached skill level 5 in Axes
  2763 | Ossuary  | Reached XP level 6. HP: 46/52 MP: 6/6
  2782 | Ossuary  | Reached skill level 6 in Axes
  2785 | Ossuary  | Reached skill level 1 in Stealth
  2793 | Ossuary  | Your scales start taking on a pale cyan-grey colour.
  2793 | Ossuary  | Reached XP level 7. HP: 17/60 MP: 7/7
  2793 | Ossuary  | Gained mutation: You are immune to the effects of steam.
                  | [Pale Draconian growth]
  2955 | Ossuary  | Reached *** piety under Trog
  3013 | Ossuary  | Reached skill level 5 in Fighting
  3028 | Ossuary  | Reached skill level 7 in Axes
  3069 | Ossuary  | Reached XP level 8. HP: 63/68 MP: 8/8
  3174 | D:4      | Killed Pikel
  3175 | D:4      | Reached skill level 8 in Axes
  3535 | D:5      | Entered Level 5 of the Dungeon
  3655 | D:5      | Found a bloodstained altar of Trog.
  3663 | D:5      | Reached skill level 9 in Axes
  3665 | D:5      | Reached skill level 5 in Dodging
  3666 | D:5      | Reached **** piety under Trog
  3780 | D:5      | Noticed a troll
  3784 | D:5      | Killed a troll
  3785 | D:5      | Reached skill level 10 in Axes
  3785 | D:5      | Reached XP level 9. HP: 78/78 MP: 9/9
  3791 | D:5      | Noticed Blork the orc
  3800 | D:5      | Killed Blork the orc
  3812 | D:5      | Found a glowing drain.
  3825 | Sewer    | Entered a sewer
  4421 | D:5      | Noticed Eustachio
  4426 | D:5      | Killed Eustachio
  4437 | D:5      | Reached ***** piety under Trog
  4575 | D:5      | Found a staircase to the Ecumenical Temple.
  5001 | D:6      | Noticed Edmund
  5008 | D:6      | Killed Edmund
  5162 | D:6      | Noticed Sigmund
  5168 | D:6      | Killed Sigmund
  5169 | D:6      | Reached skill level 11 in Axes
  5271 | D:6      | Noticed Menkaure
  5275 | D:6      | Killed Menkaure
  5948 | D:7      | Reached XP level 10. HP: 66/86 MP: 10/10
  6778 | D:8      | Received a gift from Trog
  6986 | D:8      | Found a sacrificial altar of Ru.
  7082 | D:8      | Reached skill level 12 in Axes
  8813 | D:9      | Found a white marble altar of Elyvilon.
  8920 | D:9      | Found a staircase to the Lair.
  9126 | Lair:1   | Entered Level 1 of the Lair of Beasts
  9129 | Lair:1   | Noticed a black mamba
  9133 | Lair:1   | Killed a black mamba
  9152 | Lair:1   | Noticed a death yak
  9152 | Lair:1   | Noticed a death yak
  9153 | Lair:1   | Noticed a death yak
  9154 | Lair:1   | Noticed a death yak
  9155 | Lair:1   | Noticed a cane toad
  9155 | Lair:1   | Noticed a death yak
  9155 | Lair:1   | Noticed a death yak
  9159 | Lair:1   | Killed a death yak
  9160 | Lair:1   | Reached skill level 13 in Axes
  9162 | Lair:1   | Killed a death yak
  9162 | Lair:1   | Killed a death yak
  9163 | Lair:1   | Reached XP level 11. HP: 40/97 MP: 11/11
  9163 | Lair:1   | Killed a death yak
  9164 | Lair:1   | Killed a death yak
  9169 | Lair:1   | Killed a death yak
  9298 | Lair:1   | Reached skill level 14 in Axes
  9339 | Lair:1   | Found a dark tunnel.
  9344 | Volcano  | Entered a volcano
  9433 | Volcano  | Received a gift from Trog
  9457 | Volcano  | Noticed a two-headed ogre
  9467 | Volcano  | Killed a two-headed ogre
  9468 | Volcano  | Reached skill level 10 in Fighting
  9468 | Volcano  | Reached skill level 5 in Stealth
  9470 | Volcano  | Engulfed by a cloud of flame

Illustrated notes

Levels and vault maps discovered:
D:1:      nzn_arrival_settlement, layout_loops_ring, serial_shops, shop,
          hellmonk_ecumenical_altar_arch_garden, minmay_tetromino_t4
D:2:      layout_basic
D:3:      layout_loops_corners, old_standard_altar, jmf_multi_god_temple2,
          st_stairs_9
D:4:      layout_basic, serial_shops, nicolae_square_shop, enter_ossuary_5,
          skrybe_limestone_x, uniq_pikel
D:5:      layout_cave_pods, temple_fountains, portal_sewer_entry_d,
          serial_glass, glass_columns_c, glass_columns_b, minmay_ruined_shrine,
          uniq_eustachio, uniq_blork_the_orc
D:6:      layout_basic, uniq_sigmund, uniq_menkaure, uniq_edmund
D:7:      layout_basic
D:8:      layout_layer_cave, nicolae_ru_sacrificial_ziggurat,
          nicolae_grassy_gnolls
D:9:      layout_rooms, elyvilon_altar_3, dpeg_oklobed_lair,
          hangedman_decor_diamond_cutter
Lair:1:   layout_regular_city, enter_volcano_4, uniq_grum
Volcano:  volcano_village

Skill      XL: |  1  2  3  4  5  6  7  8  9 10 11 |
---------------+----------------------------------+-----
Dodging        | 3 4 5 6 |  6.7
Axes           | 4 5 6 7 10 11 13 14 | 14.5
Fighting       | 4 5 6 7 9 10 | 10.2
Stealth        | 1 3 4 5 |  5.0

Action                     |  1- 3 |  4- 6 |  7- 9 | 10-12 || total
---------------------------+-------+-------+-------+-------++-------
  Melee: Hand axe          |   130 |    29 |       |       ||   159
         Tailslap          |     9 |     8 |    18 |    17 ||    52
         Punch             |     1 |       |     1 |     2 ||     4
         Broad axe         |       |    61 |   186 |   129 ||   376
 Invoke: Berserk           |       |     1 |     1 |     2 ||     4
   Stab: Sleeping          |       |       |     7 |     1 ||     8
         Distracted        |       |       |       |     1 ||     1
 Armour: Skin              |    45 |    46 |    39 |    31 ||   161
  Dodge: Dodged            |    98 |    84 |   103 |    98 ||   383
